 Dungeon Crawl Stone Soup version 0.31.0-9-g3a7656b989 (webtiles) character file.

Game seed: 2026454349544520791

174 qw the Shooter (level 5, -9/42 HPs)
             Began as a Demigod Hunter on Feb 2, 2024.
             Mangled by an ice beast (10 damage)
             ... on level 3 of the Dungeon.
             The game lasted 00:00:10 (1492 turns).

qw the Shooter (Demigod Hunter)                     Turns: 1492, Time: 00:00:10

Health: -9/42      AC:  4    Str: 12    XL:     5   Next: 7%
Magic:  7/7        EV: 12    Int: 11    God:
Gold:   92         SH:  0    Dex: 21    Spells: 4/4 levels left

rFire   . . .        a - +0 shortbow
rCold   . . .        (shield currently unavailable)
rNeg    . . .        c - +0 leather armour
rPois   .            (no helmet)
rElec   .            (no cloak)
rCorr   .            (no gloves)
SInv    .            g - +0 pair of boots
Will    .....        (no amulet)
Stlth   ++           (no ring)
HPRegen 0.27/turn    (no ring)
MPRegen 0.10/turn

%: no passive effects
@: about to teleport
A: high MP 1, forlorn, divine attributes
a: no special abilities


You were on level 3 of the Dungeon.
You visited 1 branch of the dungeon, and saw 3 of its levels.

You collected 92 gold pieces.


Innate Abilities, Weirdness & Mutations

You have an increased reservoir of magic. (+10% MP)
You shall have no god before yourself.
Your divine heritage dramatically boosts your attributes as you level up.


   Skills:
 - Level 2.4 Fighting
 + Level 5.7 Ranged Weapons
 - Level 2.0 Dodging
 - Level 0.8 Stealth


You had 4 spell levels left.
You didn't know any spells.
Your spell library was empty.

Inventory:

Hand Weapons
 a - a +0 shortbow (weapon)
Armour
 c - a +0 leather armour (worn)
 f - a +0 ring mail
 g - a +0 pair of boots (worn)
Potions
 b - a potion of curing {unknown}
 d - a potion of attraction {unknown}
 i - a potion of ambrosia {unknown}

Dungeon Overview and Level Annotations

Branches:
Dungeon (3/15)

Annotations:
D:3 2 runed translucent doors


Message History

You shoot an arrow. The arrow hits the ice beast.
The ice beast is lightly wounded.
The ice beast barely misses you.
You shoot an arrow. The arrow hits the ice beast.
The ice beast is moderately wounded.
The ice beast barely misses you.
You shoot an arrow. The arrow hits the ice beast.
The ice beast is moderately wounded.
The ice beast hits you but does no damage.
You shoot an arrow. The arrow hits the ice beast!
The ice beast is severely wounded.
The ice beast hits you. The ice beast freezes you!
You shoot an arrow.
The arrow hits the ice beast but does no damage.
The ice beast is severely wounded.
The ice beast barely misses you. The ice beast misses you.
You shoot an arrow. The arrow hits the ice beast.
The ice beast is severely wounded.
The ice beast closely misses you.
You shoot an arrow.
The arrow hits the ice beast but does no damage.
The ice beast is severely wounded.
The ice beast hits you but does no damage.
You shoot an arrow. The arrow hits the ice beast!
The ice beast is almost dead.
The ice beast barely misses you.
You shoot an arrow. The arrow closely misses the ice beast.
The arrow hits the orc.
The orc is moderately wounded.
The ice beast closely misses you.
You shoot an arrow. The arrow barely misses the ice beast.
The arrow hits the orc.
The orc is heavily wounded.
The ice beast hits you. The ice beast freezes you! The ice beast hits you.
The ice beast freezes you!
1492 ||| READING scroll of teleportation.
As you read the scroll of teleportation, it crumbles to dust.
You feel strangely unstable. The ice beast hits you. The ice beast freezes you!
You die...

#.. Y. .#.#
#..[_8_ #..## ...
_o.#... #..
..#..# #.###.#)##
# ###.......#.#
##
#....o##..#.#....
#.###Y#..........
#.###@#...#######
#.........######
#..#####........
#. #..###### #
#..# #..# #).#
#..# #..######


You could see an ice beast and an orc.

Vanquished Creatures
  A bombardier beetle (D:3)
  An orc wizard (D:3)
  3 adders (D:2)
  A gnoll (D:1)
  A ribbon worm (D:2)
  4 dart slugs
  8 orcs (D:3)
  6 ball pythons
  7 endoplasms
  A giant cockroach (D:2)
  6 goblins
  4 hobgoblins
  A quokka (D:2)
  5 bats
  A frilled lizard (D:2)
  8 kobolds
  4 rats
62 creatures vanquished.

Notes
Turn   | Place    | Note
-------+----------+-------------------------------------------
     0 | D:1      | qw the Demigod Hunter began the quest for the Orb.
     0 | D:1      | Reached XP level 1. HP: 17/17 MP: 3/3
     0 | D:1      | 0 ||| qw: Version: 0.3-a-155-g5e7d8dd
     0 | D:1      | 0 ||| qw: Game counter: 248
     0 | D:1      | 0 ||| qw: Melee chars always use a shield: true
     0 | D:1      | 0 ||| qw: God list: Okawaru
     0 | D:1      | 0 ||| qw: Allow faded altars: false
     0 | D:1      | 0 ||| qw: Do Orc after clearing Dungeon:15 true
     0 | D:1      | 0 ||| qw: Do second Lair branch before Depths: true
     0 | D:1      | 0 ||| qw: Lair rune preference: random
     0 | D:1      | 0 ||| qw: Goals: Normal
     0 | D:1      | 0 ||| PLANNING D:1-11
   117 | D:1      | Reached skill level 4 in Ranged Weapons
   157 | D:1      | Reached XP level 2. HP: 20/24 MP: 4/4
   329 | D:1      | You fall into a shaft and drop 1 floor!
   341 | D:2      | 341 ||| READING scroll labelled DASOTH ARROPS.
   341 | D:2      | 341 ||| IDENTIFYING scroll labelled NALUEKU OBROT
   342 | D:2      | 342 ||| DROPPING scroll of butterflies.
   416 | D:1      | Reached XP level 3. HP: 30/30 MP: 5/5
   958 | D:2      | Reached XP level 4. HP: 34/37 MP: 6/6
  1078 | D:2      | 1078 ||| UPGRADING to +0 pair of boots.
  1083 | D:2      | 1083 ||| READING scroll labelled ENEIXI BOCHISK.
  1084 | D:2      | 1084 ||| READING 3 scrolls labelled XINYUN OWU SIS.
  1085 | D:2      | 1085 ||| DROPPING 2 scrolls of immolation.
  1087 | D:2      | 1087 ||| Stepping ~*~*~tactically~*~*~ (cloud).
  1202 | D:3      | Reached skill level 5 in Ranged Weapons
  1261 | D:3      | 1261 ||| FLEEEEING.
  1262 | D:3      | 1262 ||| FLEEEEING.
  1263 | D:3      | 1263 ||| FLEEEEING.
  1264 | D:3      | 1264 ||| FLEEEEING.
  1265 | D:3      | 1265 ||| FLEEEEING.
  1266 | D:3      | 1266 ||| FLEEEEING.
  1267 | D:3      | 1267 ||| FLEEEEING.
  1268 | D:3      | 1268 ||| STAIRDANCE
  1316 | D:3      | Found a runed translucent gate.
  1316 | D:3      | Found a runed translucent gate.
  1366 | D:3      | Reached XP level 5. HP: 24/42 MP: 7/7
  1470 | D:3      | Noticed an ice beast
  1471 | D:3      | 1471 ||| RETREEEEATING.
  1478 | D:3      | 1478 ||| RETREEEEATING.
  1479 | D:3      | 1479 ||| RETREEEEATING.
  1491 | D:3      | HP: 3/42 [ice beast (14)]
  1492 | D:3      | 1492 ||| READING scroll of teleportation.
  1492 | D:3      | HP: 1/42 [ice beast (2)]
  1492 | D:3      | Mangled by an ice beast

Levels and vault maps discovered:
D:1:      minmay_arrival_doors, layout_rooms, chequers_avenue
D:2:      layout_rooms
D:3:      layout_loops_ring, mainiacjoe_overflow_small_starburst,
          nzn_wu_jian_contemplation, chequers_temple_overflow_statue_of_worship,
          hellmonk_ecumenical_altar_heavens_door, ebering_ghost_rock_garden

Skill      XL: |  1  2  3  4 |
---------------+-------------+-----
Ranged Weapons | 4 5 |  5.7
Fighting       | 2 |  2.4
Dodging        | 2 |  2.0
Stealth        | |  0.8

Action                     |  1- 3 |  4- 6 || total
---------------------------+-------+-------++-------
   Fire: Shortbow          |   130 |    67 ||   197
    Use: Scroll            |     1 |     3 ||     4
 Armour: Leather armour    |    22 |    26 ||    48
  Dodge: Dodged            |    35 |    30 ||    65

Table legend:
 A = Non-vault XP
 B = Vault XP
 C = Vault XP percentage of total XP
 D = Non-vault monster count
 E = Vault monster count
 F = Vault count percentage of total count
                 A         B        C        D         E       F
            +---------+---------+-------+---------+---------+-------
      Total |     249 |       0 |   0.0 |      62 |       0 |   0.0
            +---------+---------+-------+---------+---------+-------
        D:1 |      50 |       0 |   0.0 |      23 |       0 |   0.0
        D:2 |      78 |       0 |   0.0 |      22 |       0 |   0.0
        D:3 |     121 |       0 |   0.0 |      17 |       0 |   0.0
            +---------+---------+-------+---------+---------+-------
